 Dungeon Crawl Stone Soup version 0.31.0-11-ge490571c62 (webtiles) character file.

Game seed: 4062922639094801632

528 qw the Ducker (level 7, -9/35 HPs)
             Began as a Spriggan Hunter on Feb 4, 2024.
             Mangled by a gnoll
             ... wielding a +0 flail
              (12 damage)
             ... on level 4 of the Dungeon.
             The game lasted 00:00:06 (1663 turns).

qw the Ducker (Spriggan Hunter)                     Turns: 1663, Time: 00:00:07

Health: -9/35      AC:  2    Str:  7    XL:     7   Next: 3%
Magic:  8/8        EV: 22    Int: 10    God:
Gold:   209        SH:  0    Dex: 21    Spells: 6/6 levels left

rFire   . . .        a - +2 shortbow
rCold   . . .        (shield currently unavailable)
rNeg    . . .        c - +0 robe
rPois   .            (helmet restricted)
rElec   .            (no cloak)
rCorr   .            (gloves unavailable)
SInv    +            (boots unavailable)
Will    +....        (no amulet)
Stlth   ++           (no ring)
HPRegen 0.25/turn    (no ring)
MPRegen 0.11/turn

%: no passive effects
@: about to teleport, very quick
A: very small, no large weapons, unfitting armour, see invisible, speed 3
a: no special abilities


You were on level 4 of the Dungeon.
You visited 1 branch of the dungeon, and saw 4 of its levels.

You collected 209 gold pieces.


Innate Abilities, Weirdness & Mutations

You are very small and have problems with some larger weapons.
You are too small for most types of armour.
You have supernaturally acute eyesight. (SInv)
You cover ground extremely quickly. (Speed+++)


   Skills:
 - Level 2.9 Fighting
 + Level 6.2 Ranged Weapons
 - Level 6.7 Dodging
 - Level 1.5 Stealth


You had 6 spell levels left.
You didn't know any spells.
Your spell library was empty.

Inventory:

Hand Weapons
 a - a +2 shortbow (weapon)
Armour
 c - a +0 robe (worn)
Wands
 d - a wand of mindburst (12)
 j - a wand of polymorph (13)
Potions
 e - 2 potions of might
 f - a potion of heal wounds
 h - a potion of enlightenment {unknown}
 i - a potion of ambrosia {unknown}
 k - a potion of curing {unknown}
 m - a potion of haste {unknown}

Dungeon Overview and Level Annotations

Branches:
Dungeon (4/15)
 Temple: D:4-7

Altars:
Gozag

Annotations:
D:4 Blork the orc


Message History

The gnoll is severely wounded.
You shoot an arrow. The arrow hits the gnoll.
You kill the gnoll!
Blork the orc comes into view.
He is wielding a +0 glaive.
You have reached level 7!
You shoot an arrow. The arrow hits the gnoll.
The gnoll is moderately wounded.
You shoot an arrow. The arrow hits the gnoll!
The gnoll is almost dead.
A gnoll comes into view. It is wielding a +0 flail.
Blork the orc begins to cast a cantrip, but forgets the words!
You shoot an arrow. The arrow hits the gnoll!
You kill the gnoll!
You shoot an arrow.
The arrow hits Blork the orc but does no damage.
You shoot an arrow. The arrow hits Blork the orc.
Blork the orc is lightly wounded.
You feel a little less clever now.
You shoot an arrow. The arrow hits Blork the orc!
Blork the orc is heavily wounded.
Blork the orc barely misses you.
You shoot an arrow. The arrow hits Blork the orc.
Blork the orc is heavily wounded.
Blork the orc casts a spell at you. The puff of frost hits you!
You shoot an arrow. The arrow hits Blork the orc.
Blork the orc is heavily wounded.
Blork the orc gestures at you while chanting.
The puff of flame hits you!
You shoot an arrow. The arrow barely misses Blork the orc.
Blork the orc gestures at you while chanting.
The puff of frost hits you!
You shoot an arrow. The arrow closely misses the gnoll.
The gnoll hits you with a +0 flail!
Blork the orc begins to cast a cantrip, but forgets the words!
1663 ||| READING scroll of teleportation.
As you read the scroll of teleportation, it crumbles to dust.
You feel strangely unstable. The gnoll hits you with a +0 flail!
You die...

..#.....##.#
.....#<...#
#....#.### ## .
##.......##....
..###..............
....%.............#
.........##.......#
........#....##....
......g@.....# ....
.......)#..#?.# ...
.....o..##..#... ..
.....)..# .....#
###...... ......
..)....> .....
......... ...
#.........


You could see Blork the orc and a gnoll.

Vanquished Creatures
  Sigmund (D:3)
  Menkaure (D:4)
  A black bear (D:3)
  An iguana (D:4)
  5 adders
  4 gnolls
  A dart slug (D:2)
  A ribbon worm (D:3)
  An orc (D:3)
  5 endoplasms
  2 giant cockroaches (D:3)
  4 goblins
  3 hobgoblins
  5 kobolds
  A quokka (D:1)
  4 ball pythons
  6 bats
  A frilled lizard (D:2)
  4 rats
51 creatures vanquished.

Notes
Turn   | Place    | Note
-------+----------+-------------------------------------------
     0 | D:1      | qw the Spriggan Hunter began the quest for the Orb.
     0 | D:1      | Reached XP level 1. HP: 10/10 MP: 2/2
     0 | D:1      | 0 ||| qw: Version: 0.3-a-160-g6735b56
     0 | D:1      | 0 ||| qw: Game counter: 6116
     0 | D:1      | 0 ||| qw: Melee chars always use a shield: true
     0 | D:1      | 0 ||| qw: God list: Okawaru
     0 | D:1      | 0 ||| qw: Allow faded altars: false
     0 | D:1      | 0 ||| qw: Do Orc after clearing Dungeon:15 true
     0 | D:1      | 0 ||| qw: Do second Lair branch before Depths: true
     0 | D:1      | 0 ||| qw: Lair rune preference: random
     0 | D:1      | 0 ||| qw: Goals: Normal
     0 | D:1      | 0 ||| PLANNING D:1-11
    42 | D:1      | Reached skill level 3 in Dodging
   220 | D:1      | Reached XP level 2. HP: 14/14 MP: 3/3
   517 | D:1      | Reached XP level 3. HP: 18/18 MP: 4/4
   544 | D:1      | 544 ||| READING 2 scrolls labelled EBOMUCS PUFYRY.
   545 | D:1      | 545 ||| READING 2 scrolls labelled SOMICA MEDAUM.
   545 | D:1      | 545 ||| IDENTIFYING murky brown potion
   546 | D:1      | 546 ||| READING scroll of identify.
   546 | D:1      | 546 ||| IDENTIFYING yellow potion
   547 | D:1      | 547 ||| DROPPING scroll of butterflies.
   548 | D:1      | 548 ||| DROPPING scroll of immolation.
   700 | D:2      | Found an opulent altar of Gozag.
  1067 | D:2      | 1067 ||| READING scroll of identify.
  1067 | D:2      | 1067 ||| IDENTIFYING smoky green potion
  1068 | D:2      | 1068 ||| READING scroll labelled OMYANU RO XEI.
  1069 | D:2      | 1069 ||| READING scroll labelled ALAVOTOUMU.
  1072 | D:2      | 1072 ||| READING scroll labelled KAINWA LOYNGOU.
  1073 | D:2      | 1073 ||| DROPPING potion of lignification.
  1149 | D:3      | Noticed a black bear
  1150 | D:3      | 1150 ||| ZAPPING wand of mindburst (18) at 4,2 (black bear;
                  | floor).
  1151 | D:3      | 1151 ||| ZAPPING wand of mindburst (17) at 3,1 (black bear;
                  | floor).
  1151 | D:3      | Killed a black bear
  1152 | D:3      | Reached XP level 4. HP: 22/22 MP: 5/5
  1152 | D:3      | Reached XP level 5. HP: 25/25 MP: 6/6
  1381 | D:3      | Noticed Sigmund
  1382 | D:3      | 1382 ||| ZAPPING wand of mindburst (16) at -7,-6 (Sigmund;
                  | floor).
  1383 | D:3      | 1383 ||| ZAPPING wand of mindburst (15) at -7,-6 (Sigmund;
                  | floor).
  1383 | D:3      | Killed Sigmund
  1384 | D:3      | Reached skill level 6 in Dodging
  1384 | D:3      | Reached XP level 6. HP: 30/30 MP: 7/7
  1596 | D:3      | 1596 ||| READING 2 scrolls labelled ZIPNUJ ABREKK.
  1596 | D:3      | 1596 ||| ENCHANTING +0 shortbow.
  1597 | D:3      | 1597 ||| READING scroll of enchant weapon.
  1597 | D:3      | 1597 ||| ENCHANTING +1 shortbow.
  1598 | D:3      | 1598 ||| DRINKING 3 inky potions.
  1599 | D:3      | 1599 ||| DROPPING 2 potions of brilliance.
  1629 | D:4      | Noticed Menkaure
  1630 | D:4      | 1630 ||| ZAPPING wand of mindburst (14) at 0,3 (Menkaure;
                  | floor).
  1631 | D:4      | 1631 ||| ZAPPING wand of mindburst (13) at 0,3 (Menkaure;
                  | floor).
  1631 | D:4      | Killed Menkaure
  1635 | D:4      | Reached skill level 6 in Ranged Weapons
  1652 | D:4      | Noticed Blork the orc
  1653 | D:4      | Reached XP level 7. HP: 35/35 MP: 8/8
  1662 | D:4      | HP: 3/35 [gnoll/+0 flail (9)]
  1663 | D:4      | 1663 ||| READING scroll of teleportation.
  1663 | D:4      | Mangled by a gnoll

Levels and vault maps discovered:
D:1:      eino_arrival_water_star, layout_basic, minmay_indecisive_spiral
D:2:      layout_loops_ring, basic_altar
D:3:      layout_rooms, serial_bayou_crossing, uniq_sigmund
D:4:      layout_layer_cave, minmay_box_of_dots, uniq_edmund, uniq_menkaure,
          uniq_blork_the_orc

Skill      XL: |  1  2  3  4  5  6 |
---------------+-------------------+-----
Dodging        | 3 4 6 |  6.7
Ranged Weapons | 5 6 |  6.2
Fighting       | 2 |  2.9
Stealth        | |  1.5

Action                     |  1- 3 |  4- 6 |  7- 9 || total
---------------------------+-------+-------+-------++-------
   Fire: Shortbow          |    92 |    50 |    10 ||   152
  Evoke: Wand              |     2 |     4 |       ||     6
    Use: Scroll            |     7 |     2 |     1 ||    10
         Potion            |       |     1 |       ||     1
 Armour: Robe              |    13 |     3 |     5 ||    21
  Dodge: Dodged            |    37 |     8 |     1 ||    46

Table legend:
 A = Non-vault XP
 B = Vault XP
 C = Vault XP percentage of total XP
 D = Non-vault monster count
 E = Vault monster count
 F = Vault count percentage of total count
                 A         B        C        D         E       F
            +---------+---------+-------+---------+---------+-------
      Total |     349 |     406 |  53.8 |      46 |       5 |   9.8
            +---------+---------+-------+---------+---------+-------
        D:1 |      35 |       6 |  14.6 |      16 |       3 |  15.8
        D:2 |      39 |       0 |   0.0 |       8 |       0 |   0.0
        D:3 |     182 |     231 |  55.9 |      17 |       1 |   5.6
        D:4 |      93 |     169 |  64.5 |       5 |       1 |  16.7
            +---------+---------+-------+---------+---------+-------
